 Dungeon Crawl Stone Soup version 0.18.1-48-g4cf74bf (webtiles) character file.

57 nikopol the Poker (level 3, -1/49 HPs)
             Began as a Minotaur Berserker on July 10, 2016.
             Was a Believer of Trog.
             Slain by a giant frog (8 damage)
             ... on level 3 of the Dungeon.
             The game lasted 00:03:28 (1457 turns).

nikopol the Poker (Minotaur Berserker)              Turns: 1457, Time: 00:03:28

Health: -1/49      AC:  4    Str: 26    XL:     3   Next: 73%
Magic:  2/2        EV: 12    Int:  4    God:    Trog [**....]
Gold:   61         SH:  0    Dex: 10    Spells: 0 memorised, 2 levels left

rFire  . . .     SeeInvis .     a - +0 spear
rCold  . . .     Gourm    .     d - +0 leather armour
rNeg   . . .     Faith    .     (no shield)
rPois  .         Spirit   .     (helmet restricted)
rElec  .         Dismiss  .     o - +0 cloak
rCorr  .         Reflect  .     (no gloves)
SustAt .         Harm     .     (no boots)
MR     .....                    (no amulet)
Stlth  ..........               (no ring)
                                (no ring)

@: berserking, very quick, not resistant to hostile enchantments, extremely
unstealthy
A: retaliatory headbutt, horns 2
a: Berserk, Trog's Hand, Burn Spellbooks, Renounce Religion


You were on level 3 of the Dungeon.
You worshipped Trog.
Trog was pleased with you.
You were hungry.

You visited 1 branch of the dungeon, and saw 3 of its levels.

You collected 61 gold pieces.

Inventory:

Hand Weapons
 a - a +0 spear (weapon)
Missiles
 f - 52 arrows (quivered)
Armour
 b - a +0 animal skin
 d - a +0 leather armour (worn)
 o - a +0 cloak (worn)
Scrolls
 e - 4 scrolls of identify {unknown}
 g - a scroll of immolation {unknown}
 j - a scroll of noise {unknown}
 l - a scroll of remove curse {unknown}
Potions
 h - a potion of agility {unknown}
 i - a potion of brilliance {unknown}
 m - a potion of cure mutation {unknown}
 n - a potion of heal wounds {unknown}
Comestibles
 c - a bread ration
 k - a meat ration


   Skills:
 + Level 4.2 Fighting
 + Level 4.4 Polearms
 + Level 3.2 Armour
 + Level 2.6 Dodging


You had 2 spell levels left.
You didn't know any spells.

Dungeon Overview and Level Annotations

Branches:
Dungeon (2/15)

Altars:
Elyvilon


Innate Abilities, Weirdness & Mutations

You reflexively headbutt those who attack you in melee.
You have a pair of horns on your head.


Message History

The giant frog hits you!
You barely miss the giant frog. Your headbutt misses the giant frog.
The giant frog hits you but does no damage.
You hit the giant frog but do no damage.
You headbutt the giant frog!
The giant frog is heavily wounded.
The giant frog hits you.
You barely miss the giant frog.
The giant frog is heavily wounded.
The giant frog hits you!
* * * LOW HITPOINT WARNING * * *
You are too injured to fight recklessly!
You are too injured to fight recklessly!
A red film seems to cover your vision as you go berserk!
You feel yourself moving faster!
You feel mighty!
You are feeling hungry.
The giant frog hits you.
* * * LOW HITPOINT WARNING * * *
The giant frog hits you!
You die...

.... ... # .
..# .## ..
..#.<# .#
#..#.###..#
#>.......###
#.##..#...r....
#......@F#
####.......#
#..###......
##.# ###... ...
.. %... . .....
......w


You could see a giant frog and a quokka.

Vanquished Creatures
  A worm (D:2)
  A dart slug (D:1)
  2 giant geckos (D:1)
  5 bats (D:1)
  4 giant cockroaches
  4 goblins
  4 hobgoblins
  4 jackals (D:1)
  2 giant newts (D:1)
  10 kobolds
  7 rats
  2 bushes (D:1)
  2 plants (D:1)
48 creatures vanquished.

Notes
Turn   | Place    | Note
--------------------------------------------------------------
     0 | D:1      | nikopol the Minotaur Berserker began the quest for the Orb.
     0 | D:1      | Reached XP level 1. HP: 19/19 MP: 0/0
   284 | D:1      | Reached XP level 2. HP: 27/27 MP: 1/1
   810 | D:1      | Reached XP level 3. HP: 29/33 MP: 2/2
  1179 | D:2      | Reached ** piety under Trog
  1379 | D:2      | Found a white marble altar of Elyvilon.
  1451 | D:2      | You fall through a shaft!
  1451 | D:3      | Noticed a giant frog
  1457 | D:3      | Slain by a giant frog

Skill      XL: |  1  2  3 |
---------------+----------+-----
Polearms       | 4 |  4.4
Armour         | 3 |  3.2
Fighting       | 4 |  4.2
Dodging        | |  2.6

Action                   || total
-------------------------++-------
Melee: Spear             ||   282
       Headbutt          ||    78
Invok: Berserk           ||     1
  Eat: Chunk             ||     2
Armor: Leather armour    ||    15
Dodge: Dodged            ||    47
